 Dungeon Crawl Stone Soup version 0.30-a0-358-g0d69a1922f (webtiles) character file.

Game seed: 6229752954592345662

587 sleeves the Gusty (level 7, -4/41 HPs)
             Began as an Octopode Air Elementalist on Nov 8, 2022.
             Slain by an ogre
             ... wielding a +0 giant club
              (24 damage)
             ... on level 4 of the Dungeon.
             The game lasted 00:05:52 (3294 turns).

sleeves the Gusty (Octopode Air Elementalist)       Turns: 3294, Time: 00:05:53

Health: -4/41      AC:  5    Str:  7    XL:     7   Next: 38%
Magic:  10/10      EV: 13    Int: 19    God:
Gold:   137        SH:  0    Dex: 13    Spells: 9/10 levels left

rFire   . . .      SeeInvis .    f - +0 dagger (venom)
rCold   . . .      Faith    .    (no shield)
rNeg    . . .      Spirit   .    (helmet restricted)
rPois   .          Reflect  .    (no amulet)
rElec   .          Harm     .    e - ring of resist corrosion
rCorr   +          Rampage  .    n - +4 ring of protection
Will    .....                    (no ring)
Stlth   +++.......               (no ring)
HPRegen 0.26/turn                (no ring)
MPRegen 0.12/turn                (no ring)
                                 (no ring)
                                 (no ring)

@: no status effects
A: almost no armour, amphibious, 8 rings, camouflage 1, gelatinous body 1,
(nimble swimmer 1), tentacles
a: no special abilities


You were on level 4 of the Dungeon.
You visited 1 branch of the dungeon, and saw 4 of its levels.
You also visited: Sewer.

You collected 137 gold pieces.

Inventory:

Hand Weapons
 f - a +0 dagger of venom (weapon)
   (You took it off a goblin on level 1 of the Dungeon)
 g - a +2 dagger of freezing
   (You took it off a goblin on level 1 of the Dungeon)
 m - a +1 dagger of electrocution
   (You took it off a goblin on level 2 of the Dungeon)
Missiles
 x - a curare-tipped dart
Jewellery
 e - a ring of resist corrosion (left tentacle)
   (You took it off a kobold on level 1 of the Dungeon)
 i - a ring of ice
   (You took it off a kobold on level 2 of the Dungeon)
 n - a +4 ring of protection (right tentacle)
   (You found it on level 2 of the Dungeon)
Wands
 o - a wand of quicksilver (15)
   (You found it on level 2 of the Dungeon)
Scrolls
 b - a scroll of magic mapping {unknown}
 d - a scroll of identify {unknown}
 j - a scroll of silence {unknown}
 k - a scroll of acquirement {unknown}
 l - a scroll of poison {unknown}
 p - a scroll of amnesia {unknown}
 r - a scroll of fear {unknown}
 u - a scroll of fog {unknown}
 v - a scroll of enchant armour {unknown}
 y - a scroll of blinking {unknown}
Potions
 a - 3 potions of magic
 c - a potion of flight {unknown}
 h - a potion of attraction {unknown}
 q - a potion of heal wounds {unknown}
 s - a potion of resistance {unknown}
 t - a potion of cancellation {unknown}
 w - a potion of invisibility {unknown}
 z - a potion of might {unknown}
 A - a potion of haste {unknown}
 B - a potion of mutation {unknown}
 C - a potion of degeneration {unknown}


   Skills:
 - Level 2.0 Dodging
 - Level 2.6 Stealth
 - Level 2.0 Spellcasting
 - Level 5.0 Conjurations
 + Level 6.5 Air Magic


You had 9 spell levels left.
You knew the following spells:

 Your Spells              Type           Power      Damage    Failure   Level
a - Shock                 Conj/Air       92%        1d8       1%          1

Your spell library contained the following spells:

 Spells                   Type           Power      Damage    Failure   Level
 Static Discharge         Conj/Air       46%        2-4/arc   2%          2
 Swiftness                Air            26%        N/A       3%          3
 Airstrike                Air            13%        2d(2-18)  11%         4
 Kindle Blastsparks       Fire/Tloc/Air  20%        2d11      21%         3
 Ensorcelled Hibernation  Hex/Ice        2%         N/A       26%         2
 Summon Guardian Golem    Hex/Summ       1%         N/A       45%         3
 Fulminant Prism          Conj/Hex       5%         3d7       52%         4
 Iskenderun's Mystic Bla  Conj/Tloc      11%        2d4       52%         4
 Blade Hands              Tmut           0%         N/A       99%         5
 Lee's Rapid Deconstruct  Erth           0%         3d4*      99%         5
 Iron Shot                Conj/Erth      5%         9d2       100%        6
 Animate Armour           Summ/Erth      Unusable   N/A       N/A         4

Dungeon Overview and Level Annotations

Branches:
Dungeon (4/15)              Sewer (visited)
 Temple: D:4-7

Altars:
Vehumet

Annotations:
D:4 Dowan, Duvessa


Innate Abilities, Weirdness & Mutations

You cannot wear most types of armour.
You are amphibious.
You can wear up to eight rings at the same time.
Your skin changes colour to match your surroundings (Stealth+).
Your rubbery body absorbs attacks. (AC +1, EV +1)
((You are camouflaged when in or above water. (Stealth+)))
You have tentacles for arms and can constrict up to eight enemies at once.


Message History

You hit Sigmund.
Sigmund looks as sick as possible!
Sigmund is severely wounded.
You constrict Sigmund. You hit Sigmund.
You kill Sigmund!
Your Conjurations skill increases to level 3!
Your Air Magic skill increases to level 4!
You have reached level 4!
You have reached level 5!
You feel agile.
Things that are here:
a +0 scythe; a +0 robe; the human corpse of Sigmund You can't see any susceptible monsters within range! (Use Z to cast anyway.)
You can't see any susceptible monsters within range! (Use Z to cast anyway.)
You can't see any susceptible monsters within range! (Use Z to cast anyway.) Unknown command.
HP restored.
Found a scroll labelled JAGHEHOURCH.
A dart slug is nearby!
A dart slug is nearby!
The zap hits the dart slug.
The dart slug is severely wounded.
The zap hits the dart slug.
You kill the dart slug!
Your Air Magic skill increases to level 5!
A bat comes into view.
Found a stone staircase leading up.
You see here a dart slug corpse.
A bat is nearby!
A bat is nearby!
The zap hits the bat.
You kill the bat!
You can't see any susceptible monsters within range! (Use Z to cast anyway.)
You can't see any susceptible monsters within range! (Use Z to cast anyway.)
k - a scroll labelled JAGHEHOURCH You open the door.
There is an open door here.
You open the door.
There is an open door here.
A kobold comes into view. It is wielding a +0 short sword.
A kobold is nearby!
A kobold is nearby!
The zap hits the kobold.
You kill the kobold!
You can't see any susceptible monsters within range! (Use Z to cast anyway.)
You can't see any susceptible monsters within range! (Use Z to cast anyway.)
An adder comes into view.
An adder is nearby!
An adder is nearby!
The zap hits the adder.
The adder is lightly wounded.
The adder hisses angrily.
The zap hits the adder.
The adder is heavily wounded.
The zap misses the adder.
The zap hits the adder!
You kill the adder!
Your Conjurations skill increases to level 4!
You have reached level 6!
Things that are here:
a +0 club; a +0 sling; a goblin corpse An adder comes into view.
An adder is nearby!
An adder is nearby!
An adder is nearby!
The zap hits the adder.
The adder is lightly wounded.
The adder hisses angrily.
The zap hits the adder.
The adder is heavily wounded.
The zap hits the adder.
The adder is severely wounded.
The zap hits the adder.
The adder is almost dead.
The zap hits the adder.
You kill the adder!
A kobold comes into view. It is wielding a +0 short sword.
Found a book of Blasting.
A kobold is nearby!
A kobold is nearby!
The zap hits the kobold.
You kill the kobold!
You can't see any susceptible monsters within range! (Use Z to cast anyway.)
You pick up a book of Blasting and begin reading...
You add the spells Kindle Blastsparks, Fulminant Prism, Iskenderun's Mystic Blast and Lee's Rapid Deconstruction to your library.
Okay, then.
A goblin comes into view. It is wielding a +0 club.
A goblin is nearby!
A goblin is nearby!
The zap hits the goblin.
The goblin is severely wounded.
The goblin shouts!
You hear a shout! x2
A goblin comes into view. It is wielding a +0 dagger.
You hear a shout!
The zap hits the goblin!
You kill the goblin!
The zap hits the goblin.
The goblin is heavily wounded.
You can't see any susceptible monsters within range! (Use Z to cast anyway.)
A goblin comes into view. It is wielding a +0 dagger.
There are monsters nearby!
There are monsters nearby!
The zap hits the goblin.
You kill the goblin!
The zap hits the goblin.
The goblin is moderately wounded.
A goblin comes into view. It is wielding a +0 club.
The zap hits the goblin.
You kill the goblin!
A goblin comes into view.
It is wielding a +1 dagger of electrocution.
The zap hits the goblin!
You kill the goblin!
The zap hits the goblin.
The goblin is severely wounded.
You can't see any susceptible monsters within range! (Use Z to cast anyway.)
You can't see any susceptible monsters within range! (Use Z to cast anyway.)
A goblin comes into view. It is wielding a +0 dagger.
There are monsters nearby!
The zap hits the goblin!
You kill the goblin!
* * * LOW MAGIC WARNING * * *
The zap hits the goblin.
The goblin is moderately wounded.
* * * LOW MAGIC WARNING * * *
A hobgoblin comes into view.
You miss the goblin. You grab the goblin. You squeeze the goblin.
You kill the goblin!
You start resting.
A hobgoblin is nearby!
You hit the hobgoblin.
The hobgoblin is poisoned.
Your grab misses the hobgoblin.
The hobgoblin is moderately wounded.
The hobgoblin barely misses you.
You hit the hobgoblin but do no damage. Your grab misses the hobgoblin.
Your squeeze misses the hobgoblin.
The hobgoblin is moderately wounded.
The hobgoblin barely misses you.
You barely miss the hobgoblin. You grab the hobgoblin.
You tentacle-slap the hobgoblin, but do no damage.
The hobgoblin is almost dead.
You constrict the hobgoblin.
You kill the hobgoblin!
Magic restored.
Things that are here:
a +0 dagger; a goblin corpse
l - a scroll labelled HAMEACSAGOIV
Found 6 poisoned darts.
You now have 91 gold pieces (gained 19).
Things that are here:
a +0 dagger; a goblin corpse
Things that are here:
a +1 dagger of electrocution; a +0 dagger
m - a +1 dagger of electrocution
n - a +4 ring of protection
n - a +4 ring of protection (right tentacle)
Things that are here:
a +0 dagger; a goblin corpse
Things that are here:
a +0 dagger; a goblin corpse
There is an open door here.
You open the door.
Found a stone staircase leading up.
Found an escape hatch in the ceiling.
There is an open door here.
Found a ring mail.
Okay, then.
Found a stone staircase leading down.
o - a wand of quicksilver (15)
Found a leather armour.
A frilled lizard comes into view.
A frilled lizard is nearby!
The zap hits the frilled lizard.
You kill the frilled lizard!
You can't see any susceptible monsters within range! (Use Z to cast anyway.)
You now have 99 gold pieces (gained 8).
An endoplasm comes into view.
An endoplasm is nearby!
An endoplasm is nearby!
An endoplasm is nearby!
You miscast Shock.
You are very lightly contaminated with residual magic.
Nothing appears to happen.
The zap hits the endoplasm!
You kill the endoplasm!
Unknown command.
No target in view!
Your magical contamination has completely faded away.
You pick up Yqoossoi's Spellbook of Chilling Mustering and begin reading...
You add the spells Ensorcelled Hibernation and Summon Guardian Golem to your library.
A goblin comes into view. It is wielding a +0 dagger.
A goblin is nearby!
A goblin is nearby!
A goblin is nearby!
The zap hits the goblin.
You kill the goblin!
You can't see any susceptible monsters within range! (Use Z to cast anyway.)
Found a radiant altar of Vehumet.
Found a mace.
Found a book of Blasting.
A quokka comes into view.
The zap hits the quokka!
You kill the quokka!
You can't see any susceptible monsters within range! (Use Z to cast anyway.)
Found a stone staircase leading down.
You pick up a book of Iron and begin reading...
You add the spells Blade Hands and Iron Shot to your library.
You see here a +0 dagger.
A frilled lizard comes into view.
A frilled lizard is nearby!
A frilled lizard is nearby!
A frilled lizard is nearby!
A frilled lizard is nearby!
The zap hits the frilled lizard.
The frilled lizard is heavily wounded.
The frilled lizard hisses angrily.
A frilled lizard is nearby!
The zap misses the frilled lizard.
A frilled lizard is nearby!
A frilled lizard is nearby!
The zap hits the frilled lizard.
You kill the frilled lizard!
Found 6 stones.
You now have 110 gold pieces (gained 11).
a - 2 potions of magic (gained 1)
You see here 6 stones.
Found a stone staircase leading down.
Found a leather armour.
You see here a +0 leather armour.
Done exploring.
Done exploring.
Done exploring.
Done exploring.
(D) Dungeon
Where to? (Enter - D:2, ? - help)
There is a stone staircase leading down here.
You climb downwards.
You hear the sound of rushing water.
There is an entrance to a sewer on this level.
Hurry and find it before the portal rusts away!
Found a scroll labelled PIULLA LEKUTIO.
There is a stone staircase leading up here.
A bat comes into view.
A bat is nearby!
A bat is nearby!
The zap hits the bat.
The bat is severely wounded.
The zap hits the bat.
You kill the bat!
You can't see any susceptible monsters within range! (Use Z to cast anyway.)
A hobgoblin comes into view.
A hobgoblin is nearby!
A hobgoblin is nearby!
A hobgoblin is nearby!
The zap hits the hobgoblin.
You kill the hobgoblin!
You can't see any susceptible monsters within range! (Use Z to cast anyway.)
You can't see any susceptible monsters within range! (Use Z to cast anyway.)
A gnoll comes into view. It is wielding a +0 whip.
A gnoll is nearby!
A gnoll is nearby!
A gnoll is nearby!
The zap hits the gnoll.
The gnoll is heavily wounded.
The gnoll shouts!
You hear a shout!
The zap hits the gnoll.
The gnoll is heavily wounded.
The zap hits the gnoll but does no damage.
The gnoll is heavily wounded.
The zap hits the gnoll.
The gnoll is almost dead.
The zap misses the gnoll.
The zap hits the gnoll!
You kill the gnoll!
* * * LOW MAGIC WARNING * * *
A gnoll comes into view. It is wielding a +0 club.
The zap hits the gnoll!
The gnoll is heavily wounded.
The gnoll shouts!
* * * LOW MAGIC WARNING * * *
You hear a shout!
A gnoll is nearby!
A gnoll is nearby!
You are out of magic!
You are out of magic!
A gnoll comes into view. It is wielding a +0 club.
You hit the gnoll but do no damage.
The gnoll is poisoned.
Your grab misses the gnoll.
The gnoll is heavily wounded.
The gnoll hits you with a +0 club.
You barely miss the gnoll. Your grab misses the gnoll.
Your squeeze misses the gnoll.
The gnoll is severely wounded.
The gnoll barely misses you.
You hit the gnoll.
The gnoll looks even sicker.
Your grab misses the gnoll. You squeeze the gnoll.
You kill the gnoll!
You see here a +0 club.
You barely miss the gnoll. You grab the gnoll.
You constrict the gnoll, but do no damage.
The gnoll misses you.
You hit the gnoll but do no damage.
The gnoll is poisoned.
You squeeze the gnoll, but do no damage.
You constrict the gnoll. The gnoll barely misses you.
You hit the gnoll but do no damage. You squeeze the gnoll.
The gnoll is moderately wounded.
You constrict the gnoll. The gnoll closely misses you.
You hit the gnoll.
The gnoll looks as sick as possible!
You squeeze the gnoll.
You kill the gnoll!
No target in view!
No target in view!
No target in view!
You hear the slow rusting of a very distant drain.
Magic restored.
p - a scroll labelled PIULLA LEKUTIO You hear the slow rusting of a very distant drain.
A gnoll comes into view. It is wielding a +0 flail.
A gnoll is nearby!
The zap hits the gnoll.
The gnoll is lightly wounded.
The zap hits the gnoll!
The gnoll is severely wounded.
The gnoll drinks a potion.
The gnoll is healed!
The zap hits the gnoll but does no damage.
The gnoll is moderately wounded.
The zap hits the gnoll.
The gnoll is heavily wounded.
The zap hits the gnoll.
The gnoll is severely wounded.
The zap hits the gnoll!
You kill the gnoll!
You can't see any susceptible monsters within range! (Use Z to cast anyway.) No target in view!
You hear the rusting of a very distant drain.
You see here a hobgoblin corpse.
You see here a +0 flail.
A goblin comes into view. It is wielding a +0 club.
Found 2 poisoned darts.
A goblin is nearby!
A goblin is nearby!
The zap hits the goblin.
The goblin is severely wounded.
The goblin shouts!
You miscast Shock.
You are very lightly contaminated with residual magic.
Nothing appears to happen.
A goblin is nearby!
The zap hits the goblin.
You kill the goblin!
No target in view!
No target in view!
Your magical contamination has completely faded away.
You hear the rusting of a very distant drain.
Found a short sword.
A frilled lizard comes into view.
The zap hits the frilled lizard.
The frilled lizard is heavily wounded.
The frilled lizard hisses angrily.
No target in view!
A rat comes into view.
There are monsters nearby!
The zap misses the frilled lizard.
The zap hits the rat.
You kill the rat!
A goblin comes into view. It is wielding a +0 dagger.
Found a stone staircase leading down.
The frilled lizard closely misses you.
You hit the frilled lizard but do no damage.
Your grab misses the frilled lizard.
The frilled lizard is heavily wounded.
The frilled lizard bites you but does no damage.
You barely miss the frilled lizard. Your grab misses the frilled lizard.
The frilled lizard is heavily wounded.
The frilled lizard bites you but does no damage.
You hit the frilled lizard.
You kill the frilled lizard!
The goblin shouts!
You see here a frilled lizard corpse.
You closely miss the goblin. Your grab misses the goblin.
You squeeze the goblin.
You kill the goblin!
A rat comes into view.
Things that are here:
a +0 dagger; a goblin corpse You hit the rat but do no damage.
The rat is poisoned.
Your grab misses the rat. The rat closely misses you.
You closely miss the rat. You grab the rat.
You squeeze the rat, but do no damage. You constrict the rat.
You kill the rat!
No target in view!
A ball python comes into view.
An adder comes into view.
There are monsters nearby!
The adder hisses angrily.
The ball python hisses angrily.
The adder barely misses you.
You closely miss the adder. Your grab misses the adder. You squeeze the adder!
The adder is almost dead.
The adder closely misses you. The adder bites you.
You closely miss the adder. Your grab misses the adder.
Your squeeze misses the adder.
The adder is almost dead.
The adder closely misses you.
You hit the adder.
You kill the adder!
You hit the ball python.
You kill the ball python!
No target in view!
You hear the brisk rusting of a very distant drain.
HP restored.
A bat comes into view.
Found a stone staircase leading down.
The bat hits you but does no damage.
You miss the bat. Your grab misses the bat.
The bat hits you but does no damage.
You barely miss the bat. You grab the bat. You constrict the bat.
The bat closely misses you.
The bat struggles to escape constriction. x2
You hit the bat but do no damage.
The bat is moderately wounded.
You constrict the bat. The bat barely misses you.
The bat escapes!
You hit the bat.
You kill the bat!
No target in view!
You see here a bat corpse.
Found a short sword.
A goblin comes into view. It is wielding a +0 dagger.
The zap hits the goblin.
The goblin is heavily wounded.
The zap hits the goblin.
You kill the goblin!
You hear the brisk rusting of a distant drain.
An endoplasm comes into view.
A giant cockroach comes into view.
The helpless endoplasm fails to defend itself.
You puncture the endoplasm!
You kill the endoplasm!
A rat and 3 ball pythons come into view.
Found a dagger.
You hear the brisk rusting of a drain very nearby.
A giant cockroach comes into view.
The ball python hisses angrily. x2
The ball python hisses angrily.
You hit the ball python. Your grab misses the ball python.
You squeeze the ball python.
You kill the ball python!
You closely miss the giant cockroach. Your grab misses the giant cockroach.
You squeeze the giant cockroach.
The giant cockroach is almost dead.
The giant cockroach closely misses you. The ball python closely misses you. x2
You hit the giant cockroach.
You kill the giant cockroach!
The ball python bites you but does no damage.
The ball python closely misses you.
You closely miss the ball python. Your grab misses the ball python.
The ball python completely misses you. The ball python grabs you.
The ball python constricts you. The ball python barely misses you.
You hit the ball python.
You kill the ball python!
The ball python misses you. The ball python grabs you.
The ball python constricts you.
The ball python bites you but does no damage.
The ball python constricts you.
You barely miss the ball python. Your grab misses the ball python.
The ball python bites you. The ball python constricts you.
You closely miss the ball python. You grab the ball python.
Your squeeze misses the ball python. You constrict the ball python.
The rat closely misses you. The giant cockroach bites you.
The ball python bites you but does no damage.
The ball python constricts you.
You hit the ball python but do no damage.
The ball python is moderately wounded.
You constrict the ball python. The giant cockroach barely misses you.
The rat closely misses you. The ball python bites you.
The ball python constricts you.
You hit the ball python but do no damage.
The ball python is poisoned.
The ball python is heavily wounded.
You constrict the ball python.
You kill the ball python!
The giant cockroach closely misses you. The rat bites you.
The giant cockroach bites you but does no damage.
You hit the rat.
You kill the rat!
The giant cockroach bites you.
You barely miss the giant cockroach. You grab the giant cockroach.
You constrict the giant cockroach, but do no damage.
The giant cockroach closely misses you.
You barely miss the giant cockroach. You constrict the giant cockroach.
The giant cockroach bites you but does no damage.
You hit the giant cockroach but do no damage.
The giant cockroach is poisoned.
The giant cockroach is moderately wounded.
You constrict the giant cockroach.
You kill the giant cockroach!
No target in view!
No target in view!
No target in view!
No target in view!
No target in view!
No target in view!
No target in view!
No target in view!
No target in view!
No target in view!
No target in view!
No target in view!
Things that are here:
a rat corpse; a ball python corpse As you open the large door, it creaks loudly!
A rat and an adder come into view.
The adder barely misses you.
Found a glowing drain.
You closely miss the adder. You grab the adder. You constrict the adder.
The adder barely misses you. The rat bites you but does no damage.
You hit the adder. You squeeze the adder.
The adder is almost dead.
You constrict the adder. The adder bites you.
The rat bites you but does no damage.
You hit the adder but do no damage.
The adder is almost dead.
You constrict the adder. The adder misses you. The adder bites you.
The rat bites you but does no damage.
You hit the adder.
You kill the adder!
The rat twitches its whiskers.
The rat barely misses you.
You hit the rat.
The rat is poisoned.
You grab the rat.
The rat is severely wounded.
You constrict the rat.
You kill the rat!
No target in view!
There is a large open door here.
There is a glowing drain here.
The world spins around you as you enter the gateway.
You enter a sewer!
Found a gate leading back out of this place.
There is an empty arch of ancient stone here.
A rat comes into view.
An endoplasm comes into view.
The zap hits the ball python.
The ball python is heavily wounded.
The ball python hisses angrily.
The endoplasm quivers.
The zap hits the ball python!
You kill the ball python!
The zap hits the rat!
You kill the rat!
The zap hits the endoplasm.
The endoplasm is moderately wounded.
You hit the endoplasm but do no damage. You squeeze the endoplasm.
You kill the endoplasm!
No target in view!
No target in view!
HP restored.
Magic restored.
A river rat comes into view.
A river rat is nearby!
A river rat is nearby!
The zap hits the river rat.
The river rat is moderately wounded.
The zap hits the river rat.
The river rat is severely wounded.
The zap hits the river rat.
The river rat is almost dead.
The zap hits the river rat but does no damage.
The river rat is almost dead.
A river rat is nearby!
A river rat is nearby!
You barely miss the river rat. You grab the river rat.
The river rat is almost dead.
You constrict the river rat, but do no damage.
The river rat closely misses you.
You hit the river rat but do no damage.
Your tentacle-slap misses the river rat.
The river rat is almost dead.
You constrict the river rat, but do no damage.
The river rat bites you.
You hit the river rat.
You kill the river rat!
No target in view!
You see here a river rat corpse.
q - a lumpy sapphire potion
r - a scroll labelled OLOXTU HOSETESUCI
Found a gate leading back out of this place.
s - a cyan potion
t - a brown potion
Found a gate leading back out of this place.
There are monsters nearby!
There are monsters nearby!
There are monsters nearby!
The zap hits the kobold.
You kill the kobold!
The zap hits the kobold!
You kill the kobold!
You can't see any susceptible monsters within range! (Use Z to cast anyway.)
u - a scroll labelled BASIVOPPOI SEKH
a - 3 potions of magic (gained 1)
v - a scroll labelled TUGECKIFAO
w - a bubbling black potion An adder comes into view.
The zap hits the adder.
The adder is lightly wounded.
The adder hisses angrily.
The zap hits the adder!
The adder is almost dead.
The zap hits the adder.
You kill the adder!
You can't see any susceptible monsters within range! (Use Z to cast anyway.)
A river rat comes into view.
A river rat is nearby!
A river rat is nearby!
A river rat is nearby!
The zap hits the river rat.
The river rat is heavily wounded.
A rat comes into view.
The zap hits the river rat.
The river rat is almost dead.
The zap hits the rat!
You kill the rat!
The zap hits the river rat.
You kill the river rat!
You can't see any susceptible monsters within range! (Use Z to cast anyway.)
You see here a river rat corpse.
A kobold brigand comes into view.
It is wielding a +0 short sword and quivering curare-tipped darts.
Found a scroll labelled CAAM UPPIN.
A kobold brigand is nearby!
A kobold brigand is nearby!
A kobold brigand is nearby!
The zap hits the kobold brigand.
The kobold brigand is moderately wounded.
A kobold brigand comes into view.
It is wielding a +0 dagger and quivering poisoned darts.
A kobold comes into view. It is wielding a +0 whip.
The zap hits the kobold brigand!
The kobold brigand is heavily wounded.
The zap hits the kobold brigand.
The kobold brigand is moderately wounded.
The kobold brigand shouts!
The kobold shouts!
The zap hits the kobold brigand.
The kobold brigand is heavily wounded.
The zap hits the kobold brigand but does no damage.
The kobold brigand is moderately wounded.
The zap hits the kobold brigand.
The kobold brigand is heavily wounded.
The zap hits the kobold brigand.
The kobold brigand is heavily wounded.
The zap misses the kobold brigand.
The zap hits the kobold brigand!
The kobold brigand is severely wounded.
The zap hits the kobold.
The kobold is severely wounded.
The zap hits the kobold brigand.
The kobold brigand is severely wounded.
The zap hits the kobold brigand.
The kobold brigand is almost dead.
The zap misses the kobold.
The zap misses the kobold brigand. x2; The zap hits the kobold.
You kill the kobold!
You hear a splash.
The zap hits the kobold brigand.
The kobold brigand is almost dead.
The zap misses the kobold brigand.
* * * LOW MAGIC WARNING * * *
The kobold brigand hits you with a +0 short sword.
The zap hits the kobold brigand.
The kobold brigand is almost dead.
The zap hits the kobold brigand.
The kobold brigand is almost dead.
* * * LOW MAGIC WARNING * * *
You hit the kobold brigand but do no damage.
The kobold brigand is poisoned.
You grab the kobold brigand.
The kobold brigand is almost dead.
You constrict the kobold brigand, but do no damage.
You kill the kobold brigand!
The kobold brigand throws a poisoned dart.
The poisoned dart closely misses you.
The kobold brigand hits you with a +0 dagger.
You barely miss the kobold brigand. Your grab misses the kobold brigand.
The kobold brigand is almost dead.
The kobold brigand hits you but does no damage.
You closely miss the kobold brigand. You grab the kobold brigand.
The kobold brigand is almost dead.
You constrict the kobold brigand, but do no damage.
The kobold brigand closely misses you.
You hit the kobold brigand.
The kobold brigand is poisoned.
The kobold brigand is almost dead.
You constrict the kobold brigand.
You kill the kobold brigand!
Training target 5.0 for Conjurations reached!
Your Conjurations skill increases to level 5!
Your Air Magic skill increases to level 6!
You have reached level 7!
Things that are here:
a +0 dagger; 3 poisoned darts
Things that are here:
a +0 short sword; a curare-tipped dart; a kobold corpse
x - a curare-tipped dart
Things that are here:
a +0 dagger; 3 poisoned darts You see here a +0 whip.
z - a blue potion
y - a scroll labelled CAAM UPPIN You see here a +0 whip.
Things that are here:
a +0 dagger; 3 poisoned darts
Things that are here:
a +0 short sword; a kobold corpse A worm comes into view.
A worm is nearby!
The zap hits the worm.
The worm is lightly wounded.
You hit the worm.
The worm is poisoned.
Your grab misses the worm.
The worm is lightly wounded.
You hit the worm. You grab the worm. You squeeze the worm.
The worm is moderately wounded.
You constrict the worm. The worm barely misses you.
You hit the worm. You squeeze the worm.
The worm is severely wounded.
You constrict the worm. The worm bites you!
You hit the worm but do no damage. You squeeze the worm.
You kill the worm!
No target in view!
A river rat comes into view.
A river rat is nearby!
A river rat is nearby!
A river rat is nearby!
The zap hits the river rat but does no damage.
The zap hits the river rat.
The river rat is heavily wounded.
The zap hits the river rat.
The river rat is almost dead.
The zap hits the endoplasm!
You kill the endoplasm!
The zap misses the river rat.
The zap hits the river rat.
You kill the river rat!
The kobold shouts!
There are monsters nearby!
There are monsters nearby!
There are monsters nearby!
There are monsters nearby!
There are monsters nearby!
The zap hits the kobold.
The kobold is severely wounded.
The zap misses the rat.
The rat bites you.
The zap misses the kobold.
The rat barely misses you.
You hit the kobold.
You kill the kobold!
You hear a splash. x2
The rat bites you.
You hit the rat.
The rat is poisoned.
You grab the rat.
The rat is heavily wounded.
You constrict the rat.
You kill the rat!
No target in view!
No target in view!
No target in view!
No target in view!
No target in view! 2 adders come into view.
There are monsters nearby!
There are monsters nearby!
There are monsters nearby!
A worm comes into view.
The zap hits the adder!
The adder is almost dead.
The adder hisses angrily.
The zap hits the adder!
You kill the adder!
The adder hisses angrily.
The adder completely misses you.
You hit the adder but do no damage.
The adder is poisoned.
You grab the adder. You squeeze the adder.
The adder is lightly wounded.
You constrict the adder. The adder bites you.
You hit the adder. Your squeeze misses the adder.
The adder is moderately wounded.
You constrict the adder. The adder misses you.
You hit the adder but do no damage.
The adder looks as sick as possible!
You squeeze the adder.
The adder is severely wounded.
You constrict the adder. The adder bites you.
The adder bites you but does no damage.
You hit the adder.
You kill the adder!
You see here an adder corpse.
You hit the worm. You grab the worm. You squeeze the worm, but do no damage.
The worm is lightly wounded.
You constrict the worm.
The worm splashes around in the water.
You hit the worm.
The worm is poisoned.
The worm is moderately wounded.
You constrict the worm. The worm misses you.
You hit the worm.
The worm looks as sick as possible!
The worm is moderately wounded.
You constrict the worm. You hit the worm.
The worm looks as sick as possible!
The worm is severely wounded.
You constrict the worm. The worm barely misses you.
You hit the worm.
You kill the worm!
A kobold comes into view. It is wielding a +0 whip.
A kobold is nearby!
A kobold is nearby!
A kobold is nearby!
The zap misses the kobold.
The zap hits the kobold!
You kill the kobold!
A kobold comes into view.
It is wielding a +0 whip of electrocution.
Found a purple potion.
A kobold is nearby!
A kobold is nearby!
A kobold is nearby! 2 kobolds come into view.
Found an amethyst potion.
The kobold shouts! x3
The zap hits the kobold but does no damage.
The zap hits the kobold!
You kill the kobold!
You hear a splash. x2
The zap hits the kobold.
You kill the kobold!
You hear a splash.
The zap hits the kobold.
You kill the kobold!
You can't see any susceptible monsters within range! (Use Z to cast anyway.)
You can't see any susceptible monsters within range! (Use Z to cast anyway.)
You see here a +0 whip of electrocution.
A - a purple potion
Things that are here:
a +0 short sword; a kobold corpse
B - an amethyst potion Done exploring.
Done exploring.
Done exploring.
Done exploring.
Done exploring.
Things that are here:
a +0 short sword; 3 stones
Things that are here:
a +0 short sword; a kobold corpse You see here a +0 whip of electrocution.
There is a gate leading back out of this place here.
Welcome back to the Dungeon!
There is a collapsed entrance here.
There is a large open door here.
An adder comes into view.
An adder is nearby!
An adder is nearby!
An adder is nearby!
The zap hits the adder.
The adder is severely wounded.
The zap hits the adder.
The adder is almost dead.
The adder bites you but does no damage.
The zap misses the adder.
The adder barely misses you.
You hit the adder.
You kill the adder!
No target in view!
Magic restored.
Found a dagger.
You see here an adder corpse.
A quokka comes into view.
A quokka is nearby!
A quokka is nearby!
The zap hits the quokka.
The quokka is heavily wounded.
The zap hits the quokka.
You kill the quokka!
You can't see any susceptible monsters within range! (Use Z to cast anyway.)
A kobold comes into view. It is wielding a +0 club.
A kobold is nearby!
A kobold is nearby!
The zap hits the kobold!
You kill the kobold!
You can't see any susceptible monsters within range! (Use Z to cast anyway.)
You see here a +0 flail.
Found a hand axe.
Found a stone staircase leading up.
Found a stone staircase leading down.
Found a stone staircase leading up.
Done exploring.
Done exploring.
Done exploring.
Done exploring.
Done exploring.
Done exploring.
Done exploring.
Done exploring.
(D) Dungeon
Where to? (Enter - D:3, ? - help)
There is a stone staircase leading down here.
You climb downwards.
There is a stone staircase leading up here.
Unknown command.
There is a stone staircase leading up here.
You open the door.
There is an open door here.
You open the door.
There is an open door here.
A goblin comes into view. It is wielding a +0 club.
A goblin is nearby!
A goblin is nearby!
The zap hits the goblin!
You kill the goblin!
You can't see any susceptible monsters within range! (Use Z to cast anyway.) Magic restored.
You now have 127 gold pieces (gained 17).
An orc comes into view. It is wielding a +0 dagger.
An orc is nearby!
An orc is nearby!
An orc is nearby!
The zap hits the orc!
You kill the orc!
You can't see any susceptible monsters within range! (Use Z to cast anyway.)
You can't see any susceptible monsters within range! (Use Z to cast anyway.)
A goblin comes into view. It is wielding a +0 dagger.
A goblin is nearby!
A goblin is nearby!
A goblin is nearby!
The zap hits the goblin.
You kill the goblin!
You can't see any susceptible monsters within range! (Use Z to cast anyway.) As you open the door, it creaks loudly!
There is an open door here.
You open the door.
Found a stone staircase leading down.
There is an open door here.
As you open the door, it creaks loudly!
You hear a shout! x2
Duvessa, Sister of Dowan comes into view.
She is wielding a +0 short sword and carrying a wand of digging (5).
The zap misses Duvessa.
You hear a zap.
You hear a grinding noise.
Dowan, Brother of Duvessa comes into view.
He is wielding a +0 dagger.
Dowan casts a spell at you. The puff of flame hits you!
Duvessa zaps a wand.
Some rock shatters into small pieces.
There is an open door here.
Dowan's feet meld with the ground, briefly.
Dowan gestures at you while chanting.
You are outlined in light.
Dowan gestures at you while chanting. The puff of flame hits you!
* * * LOW HITPOINT WARNING * * *
You hear a zap.
You hear a grinding noise.
There is an open door here.
You hear a zap.
You hear a grinding noise.
You hear a zap.
You hear a grinding noise.
There is an open door here.
There is a stone staircase leading up here.
You climb upwards.
There is a stone staircase leading down here.
You are no longer glowing.
HP restored.
Done exploring.
Done exploring.
You see here a +0 short sword.
You see here a +0 club.
You see here 2 poisoned darts.
There is a stone staircase leading down here.
You climb downwards.
Level annotation: Dowan, Duvessa
There is a stone staircase leading up here.
A hound is nearby!
A hound is nearby!
A hound is nearby!
The zap hits the hound!
The hound is heavily wounded.
The hound barks!
The zap hits the hound.
The hound is severely wounded.
You hear a shout!
The zap hits the hound.
The hound is almost dead.
The hound misses you.
The zap hits the hound.
You kill the hound!
A goblin comes into view. It is wielding a +0 club.
A goblin is nearby!
The zap misses the goblin.
The goblin shouts!
The zap hits the goblin.
You kill the goblin!
Magic restored.
C - a green potion You now have 137 gold pieces (gained 10).
You hear a distant slurping noise.
An ogre comes into view. It is wielding a +0 giant club.
Found a stone staircase leading down.
An ogre is nearby!
A quokka comes into view.
The helpless ogre fails to defend itself.
You puncture the ogre!
The ogre is poisoned.
The ogre is moderately wounded.
The ogre hits you with a +0 giant club!!
Ouch! That really hurt!
* * * LOW HITPOINT WARNING * * *
You hear an angry hiss.
You are too injured to fight recklessly!
You are too injured to fight recklessly!
You are too injured to fight recklessly!
You barely miss the ogre.
The ogre is moderately wounded.
An iguana comes into view.
The ogre completely misses you.
You hit the ogre.
The ogre looks as sick as possible!
You squeeze the ogre.
The ogre is heavily wounded.
The ogre attacks as you move away!
The ogre hits you with a +0 giant club!!
Ouch! That really hurt!
You die...

........†................
......#.#......###+##....
.....##.##.....# #....
####. ###..#.#.... #....
. #..##.# ... #.... ...
###..### .# #.... ...
#r##..# #####
.....#O#..## .......@.##
......#..l# ..... #......
.... #....#... ### ######
.>. #.


You could see an ogre (extremely poisoned), an iguana and a quokka.

Vanquished Creatures
  Sigmund (D:2)
  2 kobold brigands (Sewer)
  A hound (D:4)
  4 gnolls (D:3)
  8 adders
  3 river rats (Sewer)
  2 worms (Sewer)
  4 dart slugs
  An orc (D:4)
  9 bats
  6 endoplasms
  4 giant cockroaches
  21 goblins
  4 hobgoblins
  4 jackals
  5 quokkas
  8 ball pythons
  6 frilled lizards
  16 kobolds
  10 rats
119 creatures vanquished.

Notes
Turn   | Place    | Note
-------+----------+-------------------------------------------
     0 | D:1      | sleeves the Octopode Air Elementalist began the quest for
                  | the Orb.
     0 | D:1      | Reached XP level 1. HP: 11/11 MP: 3/3
    36 | D:1      | Reached XP level 2. HP: 13/17 MP: 3/5
    40 | D:1      | HP: 8/17 [jackal (2)]
   348 | D:1      | Reached skill level 2 in Conjurations
   428 | D:1      | HP: 8/17 [hobgoblin (4)]
   438 | D:1      | Reached XP level 3. HP: 12/21 MP: 1/6
  1021 | D:2      | Noticed Sigmund
  1121 | D:2      | Killed Sigmund
  1122 | D:2      | Reached skill level 3 in Conjurations
  1122 | D:2      | Reached skill level 4 in Air Magic
  1122 | D:2      | Reached XP level 4. HP: 21/27 MP: 7/7
  1122 | D:2      | Reached XP level 5. HP: 24/31 MP: 8/8
  1153 | D:2      | Reached skill level 5 in Air Magic
  1213 | D:2      | Reached skill level 4 in Conjurations
  1213 | D:2      | Reached XP level 6. HP: 36/36 MP: 5/9
  1538 | D:2      | Got Yqoossoi's Spellbook of Chilling Mustering
  1560 | D:2      | Found a radiant altar of Vehumet.
  2143 | D:3      | Found a glowing drain.
  2153 | Sewer    | Entered a sewer
  2406 | Sewer    | Reached skill level 5 in Conjurations
  2406 | Sewer    | Reached skill level 6 in Air Magic
  2406 | Sewer    | Reached XP level 7. HP: 32/41 MP: 1/10
  3098 | D:4      | Noticed Duvessa
  3101 | D:4      | Noticed Dowan
  3108 | D:4      | HP: 19/41 [Dowan/puff of flame (13)]
  3291 | D:4      | HP: 19/41 [ogre/+0 giant club (22)]
  3294 | D:4      | Slain by an ogre

Illustrated notes

Levels and vault maps discovered:
D:1:      beargit_arrival_diablo_church, layout_rooms
D:2:      kennysheep_the_goblin_king, layout_rooms, basic_altar,
          minmay_misc_feat_doors, chequers_serial_rivers_room_a, uniq_sigmund
D:3:      layout_basic, portal_sewer_entry_e
D:4:      layout_gridville, okawaru_trees_2, minmay_between, uniq_duvessa,
          uniq_natasha

Skill      XL: |  1  2  3  4  5  6 |
---------------+-------------------+-----
Conjurations   | 2 3 4 5 |  5.0
Air Magic      | 4 5 6 |  6.5
Dodging        | |  2.0
Stealth        | |  2.6
Spellcasting   | |  2.0

Action                   |  1- 3 |  4- 6 |  7- 9 || total
-------------------------+-------+-------+-------++-------
Melee: Unarmed           |    21 |       |       ||    21
       Constrict         |    19 |    12 |     4 ||    35
       Tentacles         |    13 |    12 |     7 ||    32
       Dagger            |    29 |    52 |    19 ||   100
       Punch             |     2 |     1 |       ||     3
 Cast: Shock             |    50 |    76 |    30 ||   156
 Stab: Sleeping          |     1 |     1 |     1 ||     3
Armor: Skin              |     4 |    13 |     2 ||    19
Dodge: Dodged            |    31 |    32 |     9 ||    72

Table legend: (Time is in decaauts)
 A = Elapsed time spent in this place.
 B = Non-inter-level travel time spent in this place.
 C = Inter-level travel time spent in this place.
 D = Time resting spent in this place.
 E = Time spent auto-exploring this place.
 F = Levels seen in this place.
 G = Mean time per level.
                   A        B        C        D        E       F      G
               +--------+--------+--------+--------+--------+-----+--------+
         Total |   3290 |   3224 |     66 |     20 |   2603 |   5 |  658.0 |
       Dungeon |   2700 |   2634 |     66 |     20 |   2145 |   4 |  675.0 |
         Sewer |    589 |    589 |      0 |      0 |    458 |   1 |  589.0 |
               +--------+--------+--------+--------+--------+-----+--------+

Top non-repeatable levels by time:
     D:2: 890 daAuts
     D:1: 875 daAuts
     D:3: 753 daAuts
   Sewer: 589 daAuts
     D:4: 182 daAuts
